AoeStats
← ggeatom

Arabia

509949744Analyzed
1v1 RM · 3d ago on Sep 28, 2026· 56m 6s· 2 players
Game mode
Random Map
Map size
Tiny (2 player)
Population
200
Speed
Normal
Resources
Standard
Victory
Conquest
Starting age
Dark Age
Ending age
Imperial Age
RankedLock teamsTeams togetherTeam positionsShared explorationLock speedFull tech treeHidden civsTurbo modeCheats
Victory
Defeat
🇲🇽 Slavs · Mexico
1241
+15
🇬🇧 Danes · United Kingdom
1219
-15
BillieDownn
6:12 Loom
9:10 Feudal Age
9:18 Man-at-Arms
10:35 Double-Bit Axe
21:40 Castle Age
20:08 Scale Mail Armor
20:52 Forging
23:11 Squires
22:56 Gambesons
23:02 Long Swordsman
25:50 Bow Saw
32:19 Wheelbarrow
31:53 Fletching
34:38 Imperial Age
34:06 Iron Casting
33:47 Chain Mail Armor
35:08 Iron Casting
34:39 Two-Handed Swordsman
38:47 Champion
42:47 Plate Mail Armor
43:18 Blast Furnace
43:45 Arson
ggeatom
7:53 Loom
10:08 Feudal Age
10:26 Man-at-Arms
17:54 Fletching
21:14 Castle Age
20:19 Double-Bit Axe
20:16 Horse Collar
21:06 Gold Mining
21:33 Scale Mail Armor
21:54 Forging
22:15 Bloodlines
21:46 Long Swordsman
22:40 Scale Mail Armor
23:48 Bow Saw
24:51 Town Watch
26:38 Squires
31:10 Wheelbarrow
36:53 Imperial Age
36:10 Hand Cart
36:06 Detinets
37:15 Two-Handed Swordsman
38:12 Chain Mail Armor
38:59 Two-Man Saw
38:00 Heavy Plow
38:38 Gold Shaft Mining
38:45 Champion
42:34 Conscription
44:03 Druzhina
45:24 Capped Ram
47:23 Light Cavalry
48:04 Husbandry
48:12 Scale Barding Armor
49:20 Siege Ram
49:26 Hussar
54:13 Iron Casting
55:51 Crop Rotation
Connection lost

Rejoining the realm…

Still unreachable

The connection could not be restored.

Session expired

The server has moved on; the page needs a fresh start.